 Dungeon Crawl Stone Soup version 0.29-a0-1009-g60c99734e7 (webtiles) character file.

Game seed: 1141664862815169994

522 Newt the Insei (level 7, 0/44 HPs)
             Began as an Octopode Transmuter on Aug 8, 2022.
             Was a Believer of Dithmenos.
             Slain by Dowan
             ... wielding a +1 dagger of speed
              (9 damage)
             ... on level 4 of the Dungeon.
             The game lasted 00:11:26 (4926 turns).

Newt the Insei (Octopode Transmuter)                Turns: 4926, Time: 00:11:26

Health: 0/44       AC:  1    Str: 12    XL:     7   Next: 22%
Magic:  8/11       EV: 13    Int: 27    God:    Dithmenos [**....]
Gold:   122        SH:  0    Dex: 12    Spells: 8/11 levels left

rFire   . . .      SeeInvis .   j - staff of cold
rCold   + . .      Faith    .   (no shield)
rNeg    . . .      Spirit   .   (helmet currently unavailable)
rPois   +          Reflect  .   (no amulet)
rElec   .          Harm     .   d - +4 ring of slaying
rCorr   .          Rampage  .   f - ring of poison resistance
Will    .....                   g - +6 ring of intelligence
Stlth   +.........              i - ring of poison resistance
HPRegen 0.14/turn               q - +6 ring of intelligence
MPRegen 0.12/turn               (no ring)
                                (no ring)
                                (no ring)

@: lit by a corona, appendages, wereblooded, glowing, invisible (but backlit and
visible)
A: tentacle spike 3, almost no armour, amphibious, 8 rings, camouflage 1,
gelatinous body 1, (nimble swimmer 1), tentacles
a: End Transformation, Renounce Religion, Shadow Step


You were on level 4 of the Dungeon.
You worshipped Dithmenos.
Dithmenos was pleased with you.
One of your tentacles had grown a beastly spike.
You visited 1 branch of the dungeon, and saw 4 of its levels.
You also visited: Ossuary.

You collected 122 gold pieces.

Inventory:

Hand Weapons
 k - the +3 dagger of Extinguishment {drain, Will+ Str+4}
   (You found it on level 3 of the Dungeon)

   A truly terrible weapon, it drains the life of any living foe it strikes.
   Str:       It affects your strength (+4).
   Will:      It increases your willpower.
Magical Staves
 j - a staff of cold (weapon)
Jewellery
 d - a +4 ring of slaying (left tentacle)
 f - a ring of poison resistance (right tentacle)
 g - a +6 ring of intelligence (on tentacle)
 i - a ring of poison resistance (on tentacle)
 q - a +6 ring of intelligence (on tentacle)
Scrolls
 l - 2 scrolls of butterflies
 p - a scroll of magic mapping
 t - a scroll of brand weapon
 x - a scroll of teleportation
Potions
 a - 2 potions of lignification
 b - a potion of curing
 c - 3 potions of resistance
 e - 3 potions of might
 h - a potion of flight
 m - a potion of heal wounds
 n - a potion of magic
 r - a potion of haste {unknown}
 s - a potion of degeneration {unknown}
 v - a potion of cancellation


   Skills:
 + Level 1.8 Fighting
 * Level 3.3 Staves
 + Level 2.6 Dodging
 - Level 2.0 Stealth
 + Level 3.8 Unarmed Combat
 + Level 2.8 Spellcasting
 + Level 3.3 Transmutations
 * Level 2.2 Ice Magic
 * Level 2.6 Evocations


You had 8 spell levels left.
You knew the following spells:

 Your Spells              Type           Power      Damage    Failure   Level
a - Beastly Appendage     Tmut           42%        N/A       2%          1
b - Wereblood             Tmut           21%        N/A       3%          2

Your spell library contained the following spells:

 Spells                   Type           Power      Damage    Failure   Level
 Spider Form              Tmut/Pois      12%        N/A       14%         3
 Ice Form                 Ice/Tmut       28%        N/A       28%         4


Dungeon Overview and Level Annotations

Branches:
Dungeon (4/15)            Ossuary (visited)
 Temple: D:4-7

Altars:
Dithmenos
Fedhas
Nemelex Xobeh
Ru

Annotations:
D:4 Dowan, Duvessa


Innate Abilities, Weirdness & Mutations

One of your tentacles has grown a beastly spike.
You cannot wear most types of armour.
You are amphibious.
You can wear up to eight rings at the same time.
Your skin changes colour to match your surroundings (Stealth+).
Your rubbery body absorbs attacks. (AC +1, EV +1)
((You are camouflaged when in or above water. (Stealth+)))
You have tentacles for arms and can constrict up to eight enemies at once.


Message History

You open the door.
There is an open door here.
There is an open door here.
You see here a +0 club.
Things that are here:
a +0 club; a +0 dagger
There is an open door here.
Things that are here:
a +0 leather armour; a +0 hand axe You see here a +0 club.
Found a leather armour.
t - a scroll of brand weapon You open the door.
Found a stone staircase leading up.
Duvessa and Dowan come into view.
Duvessa is wielding a +2 short sword of venom and wearing a +2 leather armour of willpower.
Dowan is wielding a +1 dagger of speed.
There is an open door here.
You fade into invisibility!
Duvessa shouts!
Duvessa barely misses you.
Dowan shouts!
Dowan misses you.
Casting: Beastly Appendage (safe; 2% risk of failure)
Confirm with . or Enter, or press ? or * to list all spells.
One of your tentacles grows a vicious spike.
Dowan points at you and mumbles some strange words.
You feel strangely conspicuous.
Duvessa hits you with a +2 short sword of venom!
Casting: Beastly Appendage (safe; 2% risk of failure)
Confirm with . or Enter, or press ? or * to list all spells.
Your blood is infused with primal strength.
Dowan closely misses you.
Duvessa hits you with a +2 short sword of venom!
Duvessa attacks as you move away!
Duvessa hits you with a +2 short sword of venom!
* * * LOW HITPOINT WARNING * * *
Dowan hits you with a +1 dagger of speed.
* * * LOW HITPOINT WARNING * * *
Dowan hits you with a +1 dagger of speed!
You die...

#....#.................##.>.#.
#....#.................##...#.
#....#..........##############
#....#.........[# ####...#.
#...###..####...# #.##.>.#.
##'####'######### #..#...#.
#....#..........# #..+#####
#....#<.........# #<...##
#....#......e@..# #.....#
#...##...##..e..# #..#.##
################# ####.####
#...... #...... #......
##....# ###### #


You could see Duvessa and Dowan.

Vanquished Creatures
  The ghost of kd29 the Insei, an amateur DsTm (D:3)
  A centaur (D:4)
  2 iguanas (D:4)
  2 orc wizards (D:3)
  A mummy (Ossuary)
  Robin (D:4)
  10 adders
  2 worms
  7 dart slugs
  8 orcs
  A spectral bat (Ossuary)
  7 ball pythons
  2 endoplasms
  4 giant cockroaches
  16 goblins
  11 hobgoblins
  8 kobolds
  2 quokkas
  3 bats
  5 bat simulacra (Ossuary)
  3 frilled lizards
  12 gnoll zombies (Ossuary)
  3 goblin simulacra (Ossuary)
  5 goblin zombies (Ossuary)
  4 hobgoblin zombies (Ossuary)
  2 kobold simulacra (Ossuary)
  3 kobold zombies (Ossuary)
  6 orc zombies (Ossuary)
  5 rats
  A spectral goblin (Ossuary)
  A spectral kobold (Ossuary)
  4 spectral rats (Ossuary)
143 creatures vanquished.

Notes
Turn   | Place    | Note
-------+----------+-------------------------------------------
     0 | D:1      | Newt the Octopode Transmuter began the quest for the Orb.
     0 | D:1      | Reached XP level 1. HP: 13/13 MP: 3/3
   418 | D:1      | Reached XP level 2. HP: 18/18 MP: 1/5
   747 | D:1      | Reached skill level 1 in Stealth
   979 | D:1      | Learned a level 2 spell: Wereblood
   986 | D:1      | Reached XP level 3. HP: 21/23 MP: 4/6
  1717 | D:2      | Reached XP level 4. HP: 28/28 MP: 2/7
  2375 | D:3      | Found a runed translucent gate.
  2375 | D:3      | Found a runed translucent gate.
  2375 | D:3      | Found a runed translucent gate.
  2380 | D:3      | Noticed kd29's ghost (amateur DsTm)
  2403 | D:3      | Reached skill level 1 in Ice Magic
  2586 | D:3      | Reached skill level 1 in Staves
  2586 | D:3      | Reached skill level 1 in Evocations
  2586 | D:3      | Reached XP level 5. HP: 33/33 MP: 6/8
  2669 | D:3      | Found a sparkling altar of Nemelex Xobeh.
  2705 | D:3      | Killed kd29's ghost
  2706 | D:3      | Reached XP level 6. HP: 37/38 MP: 7/9
  2744 | D:3      | Identified the +3 dagger of Extinguishment {drain, Will+
                  | Str+4}
  2951 | D:3      | Found a glowing drain.
  2999 | D:3      | Found a sacrificial altar of Ru.
  2999 | D:3      | Found a blossoming altar of Fedhas.
  3183 | D:3      | Found a shadowy altar of Dithmenos.
  3191 | D:3      | Became a worshipper of Dithmenos the Shadowed
  3300 | D:4      | Noticed Robin
  3350 | D:4      | Killed Robin
  3552 | D:4      | Found a sand-covered staircase.
  3584 | Ossuary  | Entered an ossuary
  3679 | Ossuary  | Reached * piety under Dithmenos
  3980 | Ossuary  | Reached ** piety under Dithmenos
  4308 | D:4      | HP: 1/39 [centaur (2)]
  4312 | D:4      | Reached XP level 7. HP: 15/44 MP: 8/11
  4917 | D:4      | Noticed Duvessa
  4917 | D:4      | Noticed Dowan
  4926 | D:4      | Slain by Dowan

Illustrated notes

Levels and vault maps discovered:
D:1:      dpeg_arrival_orchard, layout_basic
D:2:      layout_loops_ring
D:3:      layout_rooms, general_overflow_altar, old_standard_altar,
          mainiacjoe_overflow_large_starburst, portal_sewer_entry_e,
          ebering_ghost_rock_garden
D:4:      layout_gridville, nicolae_ossuary_entry_false_entrances, uniq_robin,
          uniq_duvessa

Skill      XL: |  1  2  3  4  5  6 |
---------------+-------------------+-----
Stealth        | 1 2 |  2.0
Ice Magic      | 1 2 |  2.2
Staves         | 1 2 3 |  3.3
Evocations     | 1 2 |  2.6
Transmutations | 3 |  3.3
Fighting       | |  1.8
Dodging        | |  2.6
Unarmed Combat | |  3.8
Spellcasting   | |  2.8

Action                   |  1- 3 |  4- 6 |  7- 9 || total
-------------------------+-------+-------+-------++-------
Melee: Unarmed           |    32 |       |       ||    32
       Constrict         |    20 |    48 |     7 ||    75
       Kick              |    11 |    31 |     8 ||    50
       Punch             |     1 |     2 |     1 ||     4
       Tentacles         |     4 |    26 |     3 ||    33
       Staff             |    20 |   185 |    18 ||   223
 Cast: Beastly Appendage |    13 |    16 |     3 ||    32
       Wereblood         |     2 |     7 |     2 ||    11
  Use: Scroll            |     5 |    14 |       ||    19
       Potion            |       |     8 |     1 ||     9
 Stab: Sleeping          |     6 |    26 |     1 ||    33
Armor: Skin              |     1 |    90 |       ||    91
Dodge: Dodged            |    25 |    91 |    25 ||   141

Table legend: (Time is in decaauts)
 A = Elapsed time spent in this place.
 B = Non-inter-level travel time spent in this place.
 C = Inter-level travel time spent in this place.
 D = Time resting spent in this place.
 E = Time spent auto-exploring this place.
 F = Levels seen in this place.
 G = Mean time per level.
                   A        B        C        D        E       F      G
               +--------+--------+--------+--------+--------+-----+--------+
         Total |   4943 |   4729 |    214 |    629 |   3222 |   5 |  988.6 |
       Dungeon |   4409 |   4195 |    214 |    561 |   2974 |   4 | 1102.2 |
       Ossuary |    534 |    534 |      0 |     68 |    248 |   1 |  534.0 |
               +--------+--------+--------+--------+--------+-----+--------+

Top non-repeatable levels by time:
     D:1: 1442 daAuts
     D:4: 1206 daAuts
     D:2: 928 daAuts
     D:3: 832 daAuts
 Ossuary: 534 daAuts
